 Dungeon Crawl Stone Soup version 0.31-a0-188-g5e087ee2ca (webtiles) character file.

Game seed: 9453318851672162356

61 qw the Shooter (level 3, -1/20 HPs)
             Began as a Deep Elf Hunter on June 23, 2023.
             Succumbed to their own poison gas
             ... on level 2 of the Dungeon.
             The game lasted 00:00:33 (1450 turns).

qw the Shooter (Deep Elf Hunter)                    Turns: 1450, Time: 00:00:33

Health: -1/20      AC:  6    Str: 10    XL:     3   Next: 83%
Magic:  5/5        EV: 11    Int: 13    God:
Gold:   59         SH:  0    Dex: 18    Spells: 2/2 levels left

rFire   . . .        Y - +0 shortbow
rCold   . . .        (shield currently unavailable)
rNeg    . . .        d - +0 ring mail
rPois   .            (no helmet)
rElec   .            (no cloak)
rCorr   .            (no gloves)
SInv    .            j - +0 pair of boots
Will    .....        (no amulet)
Stlth   +            (no ring)
HPRegen 0.23/turn    (no ring)
MPRegen 0.09/turn

%: no passive effects
@: lethally poisoned (-1 -> -7)
A: no striking features
a: no special abilities


You were on level 2 of the Dungeon.
You visited 1 branch of the dungeon, and saw 2 of its levels.

You collected 59 gold pieces.


   Skills:
 - Level 1.5 Fighting
 + Level 7.3 Ranged Weapons
 - Level 2.4 Dodging
 - Level 1.2 Stealth


You had 2 spell levels left.
You didn't know any spells.
Your spell library was empty.

Inventory:

Hand Weapons
 Y - a +0 shortbow (weapon)
Armour
 d - a +0 ring mail (worn)
 j - a +0 pair of boots (worn)
Scrolls
 b - a scroll of teleportation
Potions
 c - a potion of lignification {unknown}
 g - a potion of might {unknown}
 h - a potion of ambrosia {unknown}
 i - a potion of degeneration {unknown}

Dungeon Overview and Level Annotations

Branches:
Dungeon (2/15)

Altars:
Yredelemnul


Message History

Enter note:
Enter note: Done exploring.
1444 ||| READING scroll labelled NAFOTI BULOMUH.
The air fills with toxic fumes!
As you read the scroll labelled NAFOTI BULOMUH, it crumbles to dust.
It was a scroll of poison.
Done exploring.
1445 ||| READING scroll labelled ATHRIO MOLOFUM.
As you read the scroll labelled ATHRIO MOLOFUM, it crumbles to dust.
The air around you briefly surges with heat, but it dissipates.
It was a scroll of immolation.
Done exploring.
(D) Dungeon
Where to? (* - list waypoints, Enter - D:2, ? - help)
What level of the Dungeon? (default 1, ? - help) Sorry, I don't know how to get there.
Enter note:
Enter note:
Enter note:
Enter note:
Enter note:
Enter note:
Enter note:
Enter note:
Enter note:
Enter note:
Enter note:
Enter note: Really walk into that cloud of poison gas?
You are engulfed in poison gas.
You are poisoned.
You feel very sick.
1447 ||| Stepping ~*~*~tactically~*~*~ (cloud).
You feel very sick.
There is a lethal amount of poison in your body!
You feel sick.
There is a lethal amount of poison in your body!
You feel sick.
There is a lethal amount of poison in your body!
You die...

##...# ###.### #######
#...#### #.....# ###...##
#'###.# ###... #P.¤#.#
##.. ####¤#¤### ##.
##¤¤¤P8¤¤0# ###.
#######P¤@#####.# #...
#.'08¤¤PP######.# #.#.
#.#¤#¤####......# #.#.
#.#.#P..#..%[.### #...
#.#.###'#.....# #..#
#.#.....#.>...##########.#
#.#######.............%...
#.###...<.....#########..#
#.............# #.....


There were no monsters in sight!

Vanquished Creatures
  An adder (D:2)
  A worm (D:2)
  3 dart slugs
  7 ball pythons
  3 bats
  3 endoplasms
  2 giant cockroaches (D:1)
  4 goblins
  3 hobgoblins
  4 jackals (D:2)
  A quokka (D:1)
  A frilled lizard (D:1)
  3 kobolds
  4 rats
40 creatures vanquished.

Notes
Turn   | Place    | Note
-------+----------+-------------------------------------------
     0 | D:1      | qw the Deep Elf Hunter began the quest for the Orb.
     0 | D:1      | Reached XP level 1. HP: 12/12 MP: 3/3
     0 | D:1      | 0 ||| qw: Version: 0.3-a-9-g12657ce
     0 | D:1      | 0 ||| qw: Game counter: 4019
     0 | D:1      | 0 ||| qw: Always use a shield: true
     0 | D:1      | 0 ||| qw: God list: Okawaru
     0 | D:1      | 0 ||| qw: Allow faded altars: false
     0 | D:1      | 0 ||| qw: Do Orc after D:15 true
     0 | D:1      | 0 ||| qw: Do second Lair branch before Depths: true
     0 | D:1      | 0 ||| qw: Lair rune preference: random
     0 | D:1      | 0 ||| qw: Plans: Normal
     0 | D:1      | 0 ||| PLANNING D:1-11
   302 | D:1      | You fall into a shaft and drop 1 floor!
   314 | D:2      | Reached XP level 2. HP: 16/16 MP: 4/4
   336 | D:2      | Reached skill level 6 in Ranged Weapons
   457 | D:2      | 457 ||| UPGRADING to +0 ring mail.
   467 | D:2      | 467 ||| DROPPING +0 leather armour.
   468 | D:2      | 468 ||| UPGRADING to +0 pair of boots.
   473 | D:2      | 473 ||| READING scroll labelled ATUAGGYLAH.
   476 | D:2      | 476 ||| READING scroll labelled CYEPLAODIE.
   477 | D:2      | 477 ||| DROPPING scroll of butterflies.
   578 | D:1      | Reached XP level 3. HP: 20/20 MP: 5/5
  1003 | D:1      | 1003 ||| DROPPING +6 ring of intelligence.
  1063 | D:2      | Found a basalt altar of Yredelemnul.
  1089 | D:2      | Reached skill level 7 in Ranged Weapons
  1298 | D:2      | Found a faded altar of an unknown god.
  1444 | D:2      | 1444 ||| READING scroll labelled NAFOTI BULOMUH.
  1445 | D:2      | 1445 ||| READING scroll labelled ATHRIO MOLOFUM.
  1447 | D:2      | 1447 ||| Stepping ~*~*~tactically~*~*~ (cloud).
  1447 | D:2      | HP: 5/20 [poisoned by you (poison gas)]
  1449 | D:2      | HP: 1/20 [poisoned by you (poison gas)]
  1450 | D:2      | Succumbed to their own poison gas

Levels and vault maps discovered:
D:1:      amcnicky_arrival_gap_in_the_tavern_cellar, layout_basic
D:2:      layout_rooms, basic_altar, shapermc_ecumenical_altar_ellora,
          minivault_14

Skill      XL: |  1  2  3 |
---------------+----------+-----
Ranged Weapons | 6 7 |  7.3
Fighting       | |  1.5
Dodging        | |  2.4
Stealth        | |  1.2

Action                     || total
---------------------------++-------
   Fire: Shortbow          ||   112
    Use: Scroll            ||     4
 Armour: Leather armour    ||     3
         Ring mail         ||     9
  Dodge: Dodged            ||    12

Table legend:
 A = Non-vault XP
 B = Vault XP
 C = Vault XP percentage of total XP
 D = Non-vault monster count
 E = Vault monster count
 F = Vault count percentage of total count
                 A         B        C        D         E       F
            +---------+---------+-------+---------+---------+-------
      Total |      88 |       0 |   0.0 |      40 |       0 |   0.0
            +---------+---------+-------+---------+---------+-------
        D:1 |      38 |       0 |   0.0 |      20 |       0 |   0.0
        D:2 |      50 |       0 |   0.0 |      20 |       0 |   0.0
            +---------+---------+-------+---------+---------+-------
